 Dungeon Crawl Stone Soup version 0.32-a0-361-g289a535e89 (webtiles) character file.

Game seed: 2240743624461373047

96 benadryl the Chopper (level 4, -19/40 HPs)
             Began as a Mountain Dwarf Monk on Feb 19, 2024.
             Demolished by an ogre
             ... wielding a +0 giant spiked club
              (21 damage)
             ... on level 3 of the Dungeon.
             The game lasted 00:02:48 (2126 turns).

benadryl the Chopper (Mountain Dwarf Monk)          Turns: 2126, Time: 00:02:48

Health: -19/40     AC:  6    Str: 15    XL:     4   Next: 41%
Magic:  4/4        EV: 11    Int: 11    God:
Gold:   112        SH:  0    Dex: 12    Spells: 3/3 levels left

rFire   . . .        a - +0 hand axe
rCold   . . .        d - orb {light}
rNeg    . . .        j - +0 ring mail
rPois   .            b - +0 helmet
rElec   .            (no cloak)
rCorr   .            (no gloves)
SInv    .            (no boots)
Will    .....        (no amulet)
Stlth   +            (no ring)
HPRegen 0.26/turn    (no ring)
MPRegen 0.09/turn

%: no passive effects
@: mighty, hasted, glowing, very quick
A: runic magic, artefact enchanting
a: no special abilities


You were on level 3 of the Dungeon.
You visited 1 branch of the dungeon, and saw 3 of its levels.

You collected 112 gold pieces.

Inventory:

Hand Weapons
 a - a +0 hand axe (weapon)
Armour
 b - a +0 helmet (worn)
 d - an orb of light (worn)
 j - a +0 ring mail (worn)
Wands
 k - a wand of polymorph (2)
Potions
 c - a potion of ambrosia
 g - a potion of degeneration {unknown}
 h - a potion of mutation {unknown}
 i - 2 potions of enlightenment
 l - a potion of curing {unknown}


   Skills:
 + Level 4.3 Fighting
 * Level 5.6 Axes
 - Level 2.1 Dodging


You had 3 spell levels left.
You didn't know any spells.
Your spell library contained the following spells:

 Spells                   Type           Power      Damage    Failure   Level
 Volatile Blastmotes      Fire/Tloc      0%         2d10      77%         3
 Fulminant Prism          Conj/Alch      0%         3d5       99%         4
 Iskenderun's Mystic Bla  Conj/Tloc      0%         2d3       99%         4


Dungeon Overview and Level Annotations

Branches:
Dungeon (3/15)

Altars:
Vehumet

Shops:
D:2 *


Innate Abilities, Weirdness & Mutations

Your spellcasting is much less encumbered by armour.
You can use scrolls of enchantment on lesser artefacts.


Message History

You hit the ogre.
The ogre is moderately wounded.
You completely miss the ogre.
The ogre is moderately wounded.
A ball python comes into view.
The gnoll closely misses you.
The ogre hits you with a +0 giant spiked club!!
* * * LOW HITPOINT WARNING * * *
You hit the ogre.
The ogre is moderately wounded.
You hit the dart slug. The gnoll barely misses you.
You hit the ogre but do no damage.
The ogre is moderately wounded.
You hit the dart slug but do no damage.
The dart slug bites you but does no damage.
You hit the ogre but do no damage.
The ogre is moderately wounded.
You hit the dart slug. The ogre closely misses you.
The gnoll hits you but does no damage.
You hit the ogre.
The ogre is heavily wounded.
You hit the dart slug.
The gnoll hits you from afar with a +0 spear.
* * * LOW HITPOINT WARNING * * *
The dart slug barely misses you.
You aren't carrying any scrolls.
It was a potion of cancellation.
Your magical effects are unravelling.
You feel magically purged.
You feel yourself slow down. The ogre closely misses you.
It was a potion of might.
You feel very mighty all of a sudden. The gnoll closely misses you.
The dart slug launches a dart at you. The slug dart misses you.
You feel yourself speed up.
The ogre hits you with a +0 giant spiked club!!
Ouch! That really hurt!
You die...

## ...........<# #.
..#####.#.###.# #.## #.#
#.#.###># ...##.###
#....##.#
#..≈≈≈≈###.....#.# .
#..≈....##.....#.#
...###.#≈≈≈≈.##.....#.#
.#..Sgw##.##.###...##.#
....ggO@.......##.###.##
.########...............
#............######
...##########.# ## #.#
#.# ..# #.. ...


You could see an ogre, 3 gnolls, a dart slug and a ball python.

Vanquished Creatures
  An adder (D:2)
  A dart slug (D:2)
  2 ribbon worms (D:2)
  5 orcs
  3 bats (D:1)
  3 endoplasms (D:1)
  2 giant cockroaches (D:1)
  8 goblins
  4 hobgoblins
  2 quokkas (D:1)
  3 ball pythons
  5 frilled lizards
  2 kobolds (D:2)
  2 rats
43 creatures vanquished.

Notes
Turn   | Place    | Note
-------+----------+-------------------------------------------
     0 | D:1      | benadryl the Mountain Dwarf Monk began the quest for the
                  | Orb.
     0 | D:1      | Reached XP level 1. HP: 19/19 MP: 1/1
    34 | D:1      | Reached skill level 4 in Axes
    92 | D:1      | Reached XP level 2. HP: 26/26 MP: 2/2
   354 | D:1      | Reached XP level 3. HP: 26/33 MP: 3/3
  1012 | D:1      | Reached skill level 5 in Axes
  1521 | D:2      | Reached XP level 4. HP: 40/40 MP: 4/4
  1588 | D:2      | Found Sabber's Assorted Antiques.
  1673 | D:2      | Found a radiant altar of Vehumet.
  2107 | D:3      | Noticed an ogre
  2123 | D:3      | HP: 1/40 [gnoll/+0 spear (5)]
  2126 | D:3      | Demolished by an ogre

Illustrated notes

Levels and vault maps discovered:
D:1:      evilmike_arrival_crescent, layout_loops_cross, chequers_jeans
D:2:      layout_basic, basic_altar, serial_shops,
          nicolae_shop_tiny_real_fake_doors, dreamdust_mushroom_princess
D:3:      layout_loops_ring, grunt_qazlal_clouds, mainiacjoe_overflow_brackets,
          mainiacjoe_overflow_small_starburst, mainiacjoe_overflow_alcove_1,
          serial_shops, nicolae_shop_bloodbath_and_beyond, serial_rivers,
          chequers_serial_rivers_large_b, chequers_serial_rivers_large_a,
          chequers_serial_rivers_small_3, chequers_serial_rivers_micro_d,
          uniq_grinder, uniq_robin

Skill      XL: |  1  2  3 |
---------------+----------+-----
Axes           | 4 5 |  5.6
Fighting       | 4 |  4.3
Dodging        | |  2.1

Action                     |  1- 3 |  4- 6 || total
---------------------------+-------+-------++-------
  Melee: Hand axe          |    81 |    35 ||   116
    Use: Scroll            |     1 |     1 ||     2
         Potion            |       |     4 ||     4
 Armour: Robe              |    22 |       ||    22
         Ring mail         |    24 |    17 ||    41
  Dodge: Dodged            |    48 |    16 ||    64

Table legend: (Time is in decaauts)
 A = Elapsed time spent in this place.
 B = Non-inter-level travel time spent in this place.
 C = Inter-level travel time spent in this place.
 D = Time resting spent in this place.
 E = Time spent auto-exploring this place.
 F = Levels seen in this place.
 G = Mean time per level.
                   A        B        C        D        E       F      G
               +--------+--------+--------+--------+--------+-----+--------+
         Total |   2130 |   2028 |    102 |    434 |   1302 |   3 |  710.0 |
       Dungeon |   2130 |   2028 |    102 |    434 |   1302 |   3 |  710.0 |
               +--------+--------+--------+--------+--------+-----+--------+

Top non-repeatable levels by time:
     D:1: 1294 daAuts
     D:2: 798 daAuts
     D:3: 38 daAuts
